Map: 사이버 포레스트 - 래더

Players

Clem

  • Race: Terran Terran
  • Spawn Location: 11:00

Keen - Winner!

  • Race: Terran Terran
  • Spawn Location: 5:00

Event: IEM Season 13: Katowice (2019)

VOD

Have the link to the VOD?

Description

Time

  • Played on: Feb. 25, 2019, 4:51 a.m.
  • Length: 15:26

All games in this series

Show
View Real Time Build Order
Export as new Build Order

Clem Terran 

Build Orders: Mech 

Get SALT Encoding   

  12  0:00  SCV  
  13  0:12  SCV  
  14  0:17  Supply Depot  
  14  0:25  SCV  
  15  0:28  Refinery  
  15  0:38  SCV  
  16  0:44  Barracks  
  16  0:50  SCV  
  16  0:56  Refinery  
  17  1:02  SCV  
  18  1:15  SCV  
  19  1:31  Orbital Command  
  19  1:32  Factory  
  19  1:34  Reaper  
  20  1:43  Supply Depot  
  20  1:56  SCV  
  21  2:06  Reaper  
  22  2:08  SCV  
  23  2:17  Hellion  
  23  2:21  SCV  
  26  2:30  Command Center  
  26  2:33  SCV  
  27  2:46  Starport  
  27  2:47  Hellion  
  27  2:49  Reaper  
  29  2:52  SCV  
  29  2:58  Supply Depot  
  30  3:05  SCV  
  31  3:10  Factory Tech Lab  
  31  3:19  SCV  
  32  3:23  Barracks Tech Lab  
  32  3:28  Cyclone, Starport Tech Lab  
  32  3:29  Refinery  
  32  3:32  SCV  
  36  3:44  SCV  
  36  3:48  Raven  
  36  3:52  Orbital Command  
  38  4:00  SCV, Cyclone  
  42  4:14  Command Center  
  42  4:16  SCV  
  43  4:19  SCV  
  44  4:28  Factory  
  44  4:32  SCV x2  
  44  4:37  Raven  
  48  4:40  Supply Depot  
  48  4:42  Barracks Reactor  
  48  4:49  SCV x2  
  50  4:57  Refinery  
  50  4:58  Siege Tank  
  53  5:01  SCV  
  53  5:06  SCV  
  52  5:18  SCV  
  47  5:22  Hellion, Viking, Marine  
  47  5:23  Marine  
  47  5:24  SCV  
  50  5:28  SCV  
  50  5:30  SCV  
  47  5:42  SCV  
  46  5:43  Siege Tank  
  46  5:44  Orbital Command  
  46  5:45  Orbital Command  
  48  5:54  SCV  
  49  6:00  Hellion x2  
  53  6:06  SCV  
  53  6:07  Raven  
  53  6:11  SCV  
  57  6:13  SCV  
  58  6:21  Siege Tank  
  58  6:24  Supply Depot  
  61  6:28  Hellion, SCV  
  61  6:30  SCV x2  
  66  6:40  Hellion  
  66  6:43  SCV  
  69  6:49  Hellion  
  69  6:50  SCV  
  69  6:53  Siege Tank  
  70  6:55  SCV  
  69  7:04  Barracks Reactor, Factory  
  69  7:05  Viking  
  69  7:06  Hellion  
  74  7:08  SCV x2  
  74  7:11  SCV  
  74  7:14  Supply Depot  
  76  7:15  Refinery  
  76  7:22  Hellion  
  78  7:26  Supply Depot  
  78  7:28  Refinery, Siege Tank  
  81  7:31  SCV x3  
  84  7:42  Armory x2  
  84  7:43  SCV  
  85  7:50  SCV x2  
  85  7:51  Supply Depot  
  87  7:57  Supply Depot  
  87  7:58  SCV  
  86  8:00  Hellion, Siege Tank  
  86  8:02  SCV  
  86  8:03  Siege Tank  
  86  8:04  SCV  
  94  8:10  Liberator x2  
  94  8:12  Supply Depot  
  94  8:14  Hellion, SCV  
  94  8:17  SCV  
  95  8:22  Hellion  
  95  8:24  SCV  
  95  8:26  SCV  
  99  8:30  Terran Vehicle Weapons Level 1  
  99  8:31  Terran Vehicle And Ship Armor Level 1  
  99  8:33  SCV  
  105  8:41  Hellion  
  105  8:42  SCV  
  105  8:44  Siege Tank  
  105  8:48  Hellion  
  105  8:50  Hellion  
  105  8:53  SCV  
  105  8:55  SCV  
  99  9:02  Hellion  
  90  9:04  SCV  
  90  9:06  SCV  
  90  9:08  Engineering Bay  
  90  9:09  Hellion  
  94  9:11  Siege Tank  
  94  9:13  SCV  
  94  9:16  SCV  
  94  9:18  SCV  
  94  9:20  Viking  
  93  9:26  SCV  
  93  9:28  SCV  
  93  9:30  Supply Depot, SCV  
  96  9:34  Hellion  
  96  9:35  Siege Tank  
  101  9:43  Hellion, Viking  
  105  9:47  Supply Depot  
  105  9:57  Factory  
  105  9:59  Factory  
  105  10:01  Infernal Pre-Igniter  
  105  10:06  Siege Tank  
  111  10:07  Siege Tank  
  111  10:08  Viking  
  111  10:12  Mag-Field Accelerator  
  111  10:13  Viking  
  115  10:20  Hellion x2  
  119  10:23  Supply Depot  
  119  10:24  SCV x3  
  122  10:30  Command Center  
  122  10:36  Supply Depot, Terran Vehicle Weapons Level 2  
  122  10:38  Terran Vehicle And Ship Armor Level 2  
  118  10:45  Hellion x2  
  113  10:51  SCV x2  
  113  10:52  SCV  
  113  10:55  Siege Tank x2  
  113  10:56  Hellion  
  119  11:03  SCV  
  119  11:04  SCV  
  117  11:07  Hellion  
  111  11:14  SCV  
  111  11:16  SCV x2  
  111  11:18  Hellion  
  112  11:27  Siege Tank x2  
  112  11:29  Refinery  
  112  11:32  Factory Reactor, Factory Tech Lab  
  118  11:33  Hellion  
  118  11:39  Hellion  
  122  11:40  SCV  
  123  11:48  SCV  
  121  11:55  Hellion  
  121  11:57  SCV x2  
  121  11:59  Siege Tank x2  
  131  12:03  Viking x2  
  131  12:06  Hellion  
  136  12:09  Hellion x2, Siege Tank  
  137  12:24  Supply Depot x2  
  137  12:25  Hellion  
  137  12:28  Hellion  
  137  12:30  Hellion  
  137  12:32  Siege Tank  
  137  12:34  Hellion  
  137  12:36  Siege Tank  
  139  12:41  Siege Tank  
  138  12:47  Hellion  
  138  12:49  Viking x2  
  144  12:56  Hellion  
  134  13:01  Hellion x2, Liberator  
  138  13:09  Hellion  
  138  13:18  Hellion  
  138  13:19  Viking  
  143  13:27  Hellion x2  
  145  13:43  Cyclone x2  
  145  13:44  Cyclone  
  139  13:49  Viking  
  138  14:03  Viking  
  138  14:08  Orbital Command, Hellion x2  
  138  14:09  Hellion x15  
  148  14:13  SCV x2  
  148  14:15  Cyclone  
  151  14:19  Viking  
  151  14:23  Cyclone  
  156  14:25  SCV  
  156  14:29  Cyclone  
  151  14:32  SCV  
  151  14:33  Viking  
  151  14:34  SCV  
  151  14:38  Hellion, SCV  
  152  14:45  Hellion  
  127  14:47  Siege Tank  
  127  14:51  SCV  
  127  14:52  SCV  
  101  15:03  SCV x2  
Show
View Real Time Build Order
Export as new Build Order

Keen Terran - Winner!

Build Orders: Gas First Reaper Expand, Mech 

Get SALT Encoding   

  12  0:00  SCV  
  13  0:13  SCV  
  14  0:17  Supply Depot  
  14  0:25  SCV  
  14  0:27  Refinery  
  15  0:38  SCV  
  16  0:44  Barracks  
  16  0:50  SCV  
  17  1:02  SCV  
  18  1:14  SCV  
  19  1:31  Orbital Command  
  19  1:32  Reaper  
  20  1:46  Command Center  
  20  1:57  Factory  
  20  2:00  SCV  
  21  2:05  Barracks Reactor  
  21  2:09  Refinery  
  21  2:13  SCV  
  22  2:19  Supply Depot  
  22  2:25  SCV  
  22  2:37  SCV  
  23  2:45  Marine x2  
  23  2:46  Hellion  
  23  2:49  SCV  
  28  2:52  Starport  
  28  3:01  SCV  
  28  3:02  Supply Depot  
  29  3:09  Hellion  
  31  3:23  SCV, Marine x2  
  34  3:27  Orbital Command  
  34  3:30  Starport Tech Lab  
  34  3:31  Factory Tech Lab  
  34  3:35  SCV  
  34  3:40  Refinery  
  34  3:41  Marine  
  34  3:50  SCV  
  34  3:54  Siege Tank  
  34  3:55  Medivac  
  40  3:57  SCV  
  40  4:00  Marine  
  40  4:02  Marine  
  42  4:04  SCV  
  44  4:10  SCV  
  44  4:13  Supply Depot  
  44  4:16  SCV  
  46  4:22  SCV, Marine  
  46  4:23  Marine  
  49  4:24  Raven  
  49  4:28  SCV  
  52  4:35  Cyclone  
  52  4:36  Supply Depot, SCV  
  56  4:41  SCV  
  56  4:42  Marine x2  
  59  4:49  SCV  
  60  4:53  SCV  
  60  4:57  Supply Depot  
  61  5:00  Marine x2  
  61  5:01  SCV  
  61  5:05  SCV  
  63  5:07  Raven, Siege Tank  
  63  5:13  SCV  
  64  5:17  SCV  
  64  5:19  Marine x2  
  61  5:27  SCV  
  59  5:29  SCV  
  55  5:36  Marine  
  55  5:37  Marine  
  55  5:42  SCV x2  
  57  5:50  Mag-Field Accelerator  
  57  5:55  SCV x2  
  59  5:59  Cyclone  
  59  6:07  SCV  
  59  6:09  SCV, Factory  
  61  6:19  SCV  
  61  6:20  Factory  
  61  6:21  SCV  
  63  6:28  Starport Reactor  
  63  6:31  Cyclone  
  67  6:32  SCV  
  67  6:33  SCV  
  67  6:34  Refinery  
  68  6:52  SCV  
  58  6:57  Hellion x2  
  58  7:00  SCV  
  60  7:04  SCV, Cyclone  
  60  7:05  Cyclone  
  60  7:08  Supply Depot  
  67  7:14  Supply Depot, SCV  
  68  7:16  SCV  
  68  7:20  Hellion x2  
  73  7:27  SCV  
  73  7:28  SCV  
  75  7:39  SCV  
  75  7:40  SCV  
  75  7:42  Cyclone x2  
  83  7:49  Command Center  
  83  7:57  SCV x2  
  85  7:59  Supply Depot  
  85  8:00  Supply Depot  
  85  8:09  SCV  
  85  8:10  SCV, Factory  
  87  8:15  Factory  
  87  8:21  SCV  
  87  8:22  SCV  
  87  8:23  Cyclone x2  
  95  8:33  Supply Depot  
  95  8:34  SCV x2  
  97  8:35  Supply Depot  
  97  8:36  Hellion  
  94  8:55  SCV x2  
  90  8:57  Cyclone, Factory Tech Lab  
  93  9:03  Liberator x2  
  93  9:06  Factory Reactor  
  93  9:07  Orbital Command, SCV x2  
  95  9:16  Cyclone  
  89  9:18  Hellion  
  89  9:19  SCV  
  89  9:23  SCV  
  95  9:30  Armory  
  95  9:31  SCV  
  96  9:32  Armory  
  96  9:35  SCV x2  
  98  9:38  Refinery  
  98  9:40  Refinery  
  98  9:43  SCV  
  98  9:44  Cyclone  
  102  9:47  SCV, Cyclone  
  102  9:51  Supply Depot  
  106  9:54  Hellion x2  
  106  9:55  Hellion  
  106  9:57  Cyclone  
  115  10:03  SCV  
  116  10:13  Hellion  
  118  10:15  Hellion, Infernal Pre-Igniter  
  118  10:16  SCV, Cyclone  
  118  10:19  Cyclone  
  127  10:28  Terran Vehicle Weapons Level 1, Terran Vehicle And Ship Armor Level 1  
  127  10:29  Command Center  
  127  10:34  SCV x2  
  127  10:35  SCV  
  130  10:38  Cyclone  
  130  10:41  Engineering Bay  
  131  10:44  Refinery  
  131  10:46  Refinery  
  131  10:48  Hellion, Cyclone  
  131  10:49  Hellion  
  136  10:51  SCV x2  
  136  10:54  Viking  
  140  11:01  Viking  
  140  11:03  Siege Tank  
  142  11:10  SCV x2  
  144  11:15  Cyclone  
  144  11:18  Hellion x2  
  140  11:20  Cyclone  
  140  11:24  Hellion x2  
  144  11:25  Viking  
  146  11:34  SCV x3  
  149  11:41  Siege Tank  
  149  11:42  Planetary Fortress  
  149  11:46  SCV  
  153  11:47  Siege Tank  
  153  11:52  Viking  
  153  11:55  Viking  
  153  12:00  Siege Tank  
  158  12:05  Hellion x3  
  164  12:14  Siege Tank  
  160  12:17  Supply Depot  
  160  12:19  Supply Depot  
  160  12:20  Siege Tank  
  160  12:21  Supply Depot  
  163  12:25  Viking x2  
  158  12:38  Siege Tank  
  158  12:39  Hellion x3  
  164  12:46  Siege Tank  
  164  12:47  Hellion  
  169  12:52  Siege Tank  
  169  13:00  Hellion  
  169  13:03  Viking x2  
  169  13:05  Hellion  
  166  13:10  Siege Tank  
  166  13:18  Hellion, Liberator, Siege Tank  
  166  13:19  Hellion  
  170  13:25  Siege Tank  
  169  13:28  Liberator  
  169  13:35  Hellion x2  
  169  13:40  Hellion x2  
  177  13:41  Command Center  
  177  13:42  Cyclone  
  177  13:49  Supply Depot  
  177  13:50  Cyclone  
  173  13:57  Cyclone  
  176  14:14  Cyclone  
  177  14:20  Hellion  
  177  14:22  Cyclone  
  177  14:23  Hellion  
  184  14:29  Cyclone  
  187  14:35  Orbital Command  
  185  14:40  Hellion  
  185  14:43  Hellion, Viking  
  185  14:44  Hellion  
  184  14:46  Siege Tank  
  176  14:58  Hellion  
  168  15:01  Hellion  

Tags
 
Add a new tag
Caveats
  • Supply blocks, unpowered buildings, or Contaminate may cause inaccurate times.
  • Supply counts are checked every 10 seconds.